 Dungeon Crawl Stone Soup version 0.28-a0-1395-g4f6bc678fa (webtiles) character file.

Game seed: 9634609184167386634

170 ipx the Skirmisher (level 5, -5/35 HPs)
             Began as a Gargoyle Arcane Marksman on Jan 5, 2022.
             Slain by a wight (7 damage)
             ... on level 4 of the Dungeon.
             The game lasted 00:18:52 (1345 turns).

ipx the Skirmisher (Gargoyle Arcane Marksman)       Turns: 1345, Time: 00:18:52

Health: -5/35      AC: 11    Str: 16    XL:     5   Next: 51%
Magic:  4/6        EV:  9    Int: 13    God:
Gold:   84         SH:  0    Dex: 10    Spells: 5/6 levels left

rFire   . . .      SeeInvis .   j - +0 hand axe
rCold   . . .      Faith    .   (no shield)
rNeg    + . .      Spirit   .   k - +0 scale mail
rPois   ∞          Reflect  .   e - +0 helmet
rElec   +          Harm     .   (no cloak)
rCorr   .          Rampage  .   (no gloves)
Will    .....                   (no boots)
Stlth   ..........              (no amulet)
HPRegen 0.11/turn               (no ring)
MPRegen 0.10/turn               (no ring)

@: no status effects
A: sickness immunity, AC +4, negative energy resistance 1, electricity
resistance, torment resistance 1, petrification resistance
a: no special abilities


You were on level 4 of the Dungeon.
You visited 1 branch of the dungeon, and saw 4 of its levels.

You collected 84 gold pieces.

Inventory:

Hand Weapons
 b - a +0 dagger
 c - a +0 trident
 j - a +0 hand axe (weapon)
Missiles
 f - 5 javelins (quivered)
Armour
 a - a +0 robe
 d - a +0 ring mail
 e - a +0 helmet (worn)
 k - a +0 scale mail (worn)
Scrolls
 g - a scroll of identify {unknown}
 h - a scroll of blinking {unknown}
Potions
 i - a potion of haste {unknown}


   Skills:
 - Level 5.2 Fighting
 + Level 1.6 Axes
 - Level 1.7 Throwing
 - Level 1.5 Dodging
 - Level 1.0 Spellcasting
 - Level 2.6 Hexes


You had 5 spell levels left.
You knew the following spells:

 Your Spells              Type           Power      Damage    Failure   Level
s - Slow                  Hex            28%        N/A       34%         1

Your spell library contained the following spells:

 Spells                   Type           Power      Damage    Failure   Level
 Summon Small Mammal      Summ           0%         N/A       71%         1
 Inner Flame              Hex/Fire       4%         N/A       88%         3
 Portal Projectile        Hex/Tloc       8%         N/A       88%         3
 Summon Guardian Golem    Hex/Summ       4%         N/A       88%         3
 Call Canine Familiar     Summ           0%         N/A       97%         3
 Cause Fear               Hex            3%         N/A       98%         4


Dungeon Overview and Level Annotations

Branches:
Dungeon (4/15)
 Temple: D:4-7

Altars:

Shops:
D:1 =

Annotations:
D:3 3 runed translucent doors, trm's ghost, novice OpCj


Innate Abilities, Weirdness & Mutations

You are immune to sickness and miasma.
Your stone body is resilient. (AC +4)
You are immune to poison.
You resist negative energy. (rN+)
You are resistant to electric shocks. (rElec)
You are resistant to unholy torment.
You are immune to petrification.


Message History

You hit the bullfrog zombie.
The bullfrog zombie is heavily damaged.
The bullfrog zombie barely misses you.
You slash the bullfrog zombie!
The bullfrog zombie is almost destroyed.
The bullfrog zombie hits you but does no damage. x2
Your magical contamination has completely faded away.
You hit the bullfrog zombie.
The bullfrog zombie is almost destroyed.
The bullfrog zombie hits you but does no damage. x2
You slash the bullfrog zombie!
You destroy the bullfrog zombie!
Your Axes skill increases to level 1!
You now have 84 gold pieces (gained 16).
Unknown command.
Unknown command.
A centaur comes into view.
The centaur shouts!
The centaur wields a +0 shortbow.
The centaur shoots an arrow.
The arrow hits you.
The centaur shoots an arrow.
The arrow hits you.
A wight comes into view. It is wielding a +0 trident.
Okay, then.
Okay, then.
The centaur shoots an arrow.
The arrow hits you.
The centaur shoots an arrow.
The arrow hits you.
The centaur shoots an arrow.
The arrow hits you.
The centaur shoots an arrow.
The arrow hits you.
The centaur shoots an arrow.
The arrow barely misses you.
Found an escape hatch in the ceiling.
The centaur shoots an arrow.
The arrow barely misses you.
The wight hits you from afar with a +0 trident!
* * * LOW HITPOINT WARNING * * *
Found a stone staircase leading down.
The centaur shoots an arrow.
The arrow hits you.
* * * LOW HITPOINT WARNING * * *
The centaur shoots an arrow.
The arrow hits you but does no damage.
The centaur shoots an arrow.
The arrow closely misses you.
There is an escape hatch in the ceiling here.
The wight hits you from afar with a +0 trident!
You die...

.. ... ....#####. ...
.#....... #.# ....z.
....>. #...# #..#.#
#...# #..#.#
######...# #..#.# #
.......#.##
#..#.##.####
###..c.#..#
#...@.......
#....#..####.#.......#
##...#..#.c..z.###.###
#...#....##.#.# #
#...........#.#
#........##.#.#
##.#..)...#.....##
.....<|...#..#..#
.#.##+#...##.#..#


You could see a centaur and a wight.

Vanquished Creatures
  A bullfrog zombie (D:4)
  Jessica (D:2)
  A hound skeleton (D:4)
  Robin (D:2)
  3 adders
  A dart slug (D:2)
  3 ball pythons
  3 bats
  5 endoplasms
  13 goblins
  7 hobgoblins (D:2)
  4 jackals (D:1)
  4 quokkas
  2 frilled lizards
  4 kobolds
  A rat (D:1)
54 creatures vanquished.

Vanquished Creatures (others)
  3 fungi (D:3)
  A plant (D:3)
4 creatures vanquished.

Grand Total: 58 creatures vanquished

Notes
Turn   | Place    | Note
-------+----------+-------------------------------------------
     0 | D:1      | ipx the Gargoyle Arcane Marksman began the quest for the
                  | Orb.
     0 | D:1      | Reached XP level 1. HP: 12/12 MP: 2/2
    80 | D:1      | Found Nishoecu's Jewellery Shoppe.
   178 | D:1      | Reached skill level 2 in Fighting
   188 | D:1      | Reached XP level 2. HP: 16/17 MP: 3/3
   399 | D:2      | Noticed Jessica
   411 | D:2      | Killed Jessica
   412 | D:2      | Reached skill level 3 in Fighting
   412 | D:2      | Reached XP level 3. HP: 12/24 MP: 4/4
   492 | D:2      | Reached skill level 4 in Fighting
   512 | D:2      | Reached XP level 4. HP: 18/29 MP: 5/5
   519 | D:2      | Noticed Robin
   600 | D:2      | Killed Robin
   949 | D:2      | Found a faded altar of an unknown god.
  1054 | D:3      | Reached skill level 5 in Fighting
  1089 | D:3      | Reached XP level 5. HP: 30/35 MP: 1/6
  1113 | D:3      | Found a runed translucent gate.
  1113 | D:3      | Found a runed translucent gate.
  1113 | D:3      | Noticed trm's ghost (novice OpCj)
  1114 | D:3      | Found a runed translucent gate.
  1114 | D:3      | Noticed a kobold brigand
  1319 | D:4      | Reached skill level 1 in Axes
  1325 | D:4      | Noticed a centaur
  1345 | D:4      | Slain by a wight

Illustrated notes

Levels and vault maps discovered:
D:1:      minmay_arrival_open_corners, layout_basic, serial_shops,
          nicolae_shop_crystal
D:2:      layout_basic, ebering_ecumenical_altar_abandoned, uniq_jessica,
          uniq_robin
D:3:      layout_loops_ring, mainiacjoe_overflow_alcove_2,
          gammafunk_ghost_nasty_kobolds
D:4:      nicolae_cairo_tiling_large, layout_basic, minmay_distorted,
          uniq_crazy_yiuf_cottage

Skill      XL: |  1  2  3  4  5 |
---------------+----------------+-----
Fighting       | 2 3 4 5 |  5.2
Axes           | 1 |  1.6
Throwing       | |  1.7
Dodging        | |  1.5
Spellcasting   | |  1.0
Hexes          | |  2.6

Action                   |  1- 3 |  4- 6 || total
-------------------------+-------+-------++-------
Melee: Unarmed           |    12 |       ||    12
       Dagger            |    33 |    16 ||    49
       Trident           |       |    93 ||    93
       Hand axe          |       |    27 ||    27
Throw: Javelin           |    36 |    18 ||    54
       Throwing net      |     5 |       ||     5
       Boomerang         |    10 |       ||    10
 Cast: Slow              |     1 |    22 ||    23
  Use: Potion            |       |     1 ||     1
 Stab: Held in net/web   |     1 |       ||     1
Armor: Robe              |     1 |       ||     1
       Ring mail         |    19 |    55 ||    74
       Scale mail        |       |    34 ||    34
Dodge: Dodged            |    38 |    75 ||   113

Table legend: (Time is in decaauts)
 A = Elapsed time spent in this place.
 B = Non-inter-level travel time spent in this place.
 C = Inter-level travel time spent in this place.
 D = Time resting spent in this place.
 E = Time spent auto-exploring this place.
 F = Levels seen in this place.
 G = Mean time per level.
                   A        B        C        D        E       F      G
               +--------+--------+--------+--------+--------+-----+--------+
         Total |   1403 |   1371 |     32 |      0 |      0 |   4 |  350.8 |
       Dungeon |   1403 |   1371 |     32 |      0 |      0 |   4 |  350.8 |
               +--------+--------+--------+--------+--------+-----+--------+

Top non-repeatable levels by time:
     D:2: 676 daAuts
     D:1: 373 daAuts
     D:3: 280 daAuts
     D:4: 73 daAuts
